 Dungeon Crawl Stone Soup version 0.16.0-17-g811c1d7 (webtiles) character file.

12755 maniek23 the Covert (level 11, -1/76 HPs)
             Began as a Vampire Enchanter on Mar 21, 2015.
             Was a Priest of Kikubaaqudgha.
             Shot with a poisoned arrow by Nessos (4 damage)
             ... on level 12 of the Dungeon.
             The game lasted 00:57:49 (11262 turns).

maniek23 the Covert (Vampire Enchanter)            Turns: 11262, Time: 00:57:52

Health: -1/76      AC: 10    Str:  7    XL:     11   Next: 66%
Magic:  34/34      EV: 17    Int: 25    God:    Kikubaaqudgha [***...]
Gold:   426        SH:  0    Dex: 14    Spells: 6 memorised, 7 levels left

rFire  . . .     SeeInvis +     O - +7 long sword "Resups" {vamp, +Inv rC+ rN+ Stlth-}
rCold  + . .     Clarity  .     E - +4 robe of Night {+Inv MR+ SInv Stlth+}
rNeg   + + .     SustAb   .     (no shield)
rPois  .         Gourm    .     h - +0 helmet
rElec  .         Spirit   .     (no cloak)
rCorr  +         Warding  .     q - +2 pair of gloves
rMut   .         Stasis   .     (no boots)
MR     ++...                    R - amulet of resist corrosion
Stlth  +++++++...               F - ring of magical power
                                k - +5 ring of intelligence

@: lethally poisoned (-1 -> -42), very resistant to hostile enchantments,
extremely stealthy
A: bottle blood, fangs 3, see invisible, unbreathing
a: Bat Form, Receive Corpses, Renounce Religion, Evoke Invisibility


You were on level 12 of the Dungeon.
You worshipped Kikubaaqudgha.
Kikubaaqudgha was most pleased with you.
You were not thirsty.

You visited 2 branches of the dungeon, and saw 13 of its levels.

You collected 582 gold pieces.
You spent 156 gold pieces at shops.

Inventory:

Hand weapons
 n - a +3 dagger
 O - the +7 long sword "Resups" (weapon) {vamp, +Inv rC+ rN+ Stlth-}
   (You found it on level 9 of the Dungeon)

   It inflicts no extra harm, but heals its wielder somewhat when it strikes a
   living foe.
   It protects you from cold.
   It protects you from negative energy.
   It lets you turn invisible.
   It makes you less stealthy.
Missiles
 T - a throwing net (quivered)
Armour
 a - the -5 cloak "Klefon" {Str+3 Int+3}
   (You found it on level 7 of the Dungeon)

   It affects your strength (+3).
   It affects your intelligence (+3).
 h - a +0 helmet (worn)
 q - a +2 pair of gloves (worn)
 D - a +1 leather armour of cold resistance
 E - the +4 robe of Night (worn) {+Inv MR+ SInv Stlth+}
   (You found it on level 7 of the Dungeon)

   It affects your resistance to hostile enchantments.
   It enhances your eyesight.
   It lets you turn invisible.
   It makes you more stealthy.
 I - a +0 leather armour of fire resistance
 P - a steam dragon hide
Jewellery
 k - a +5 ring of intelligence (left hand)
 F - a ring of magical power (right hand)
 H - an uncursed ring of sustain abilities
 R - an amulet of resist corrosion (around neck)
Magical devices
 J - a wand of paralysis (6)
 M - a wand of magic darts (29)
 N - a wand of slowing (38)
 Q - a wand of cold (9)
Scrolls
 b - 2 scrolls of acquirement
 f - 3 scrolls of identify
 l - 3 scrolls of enchant weapon
 o - 3 scrolls of enchant armour
 s - 3 scrolls of magic mapping
 t - a scroll of noise
 u - a scroll of fog
 v - 3 scrolls of amnesia
 w - a scroll of random uselessness
 y - 3 scrolls of immolation
 z - 4 scrolls of remove curse
 A - 3 scrolls of recharging
 K - a scroll of blinking
 U - a scroll of fear {unknown}
Potions
 d - 15 potions of blood
 i - a potion of cancellation
 j - 4 potions of heal wounds
 m - 2 potions of restore abilities
 p - a potion of mutation
 r - a potion of agility
 x - a potion of brilliance
 B - 3 potions of might
 C - a potion of ambrosia
 L - a potion of flight
 W - a potion of curing {unknown}
Books
 c - a book of Maledictions

   Spells                             Type                      Level
   a - Corona                         Hexes                        1
   b - Sure Blade                     Hexes/Charms                 2
   c - Ensorcelled Hibernation        Hexes/Ice                    2
   d - Confuse                        Hexes                        3
   e - Dazzling Spray                 Conjuration/Hexes            3
   f - Enslavement                    Hexes                        4
 e - a book of Envenomations

   Spells                             Type                      Level
   a - Spider Form                    Transmutation/Poison         3
   b - Alistair's Intoxication        Transmutation/Poison         4
   c - Olgreb's Toxic Radiance        Poison                       4
   d - Poisonous Cloud                Conjuration/Poison/Air       6
 g - a book of Party Tricks

   Spells                             Type                      Level
   a - Summon Butterflies             Summoning                    1
   b - Apportation                    Translocation                1
   c - Tukima's Dance                 Hexes                        3
   d - Alistair's Intoxication        Transmutation/Poison         4
   e - Invisibility                   Hexes                        6
 G - Kikubaaqudgha's Catalogue of Necromancy
   (Kikubaaqudgha gifted it to you on level 9 of the Dungeon)

   Spells                             Type                      Level
   a - Animate Skeleton               Necromancy                   1
   b - Corpse Rot                     Necromancy                   2
   c - Sublimation of Blood           Necromancy                   2
   d - Regeneration                   Charms/Necromancy            3
   e - Control Undead                 Necromancy                   4
 S - a book of the Earth

   Spells                             Type                      Level
   a - Leda's Liquefaction            Hexes/Earth                  4
   b - Bolt of Magma                  Conjuration/Fire/Earth       5
   c - Statue Form                    Transmutation/Earth          6
   d - Iron Shot                      Conjuration/Earth            6
   e - Shatter                        Earth                        9
 V - Kikubaaqudgha's Tome of Darkness
   (Kikubaaqudgha gifted it to you on level 11 of the Dungeon)

   Spells                             Type                      Level
   a - Excruciating Wounds            Charms/Necromancy            5
   b - Bolt of Draining               Conjuration/Necromancy       5
   c - Agony                          Necromancy                   5
   d - Cigotuvi's Embrace             Necromancy                   5
   e - Dispel Undead                  Necromancy                   5


   Skills:
 + Level 3.7 Fighting
 * Level 7.5 Short Blades
 + Level 0.6(4.2) Long Blades
 + Level 9.1 Dodging
 + Level 14.7 Stealth
 + Level 6.8 Spellcasting
 + Level 10.9 Hexes
 * Level 4.6 Necromancy
 + Level 3.2 Ice Magic
 + Level 0.8 Earth Magic


You had 7 spell levels left.
You knew the following spells:

 Your Spells              Type           Power        Failure   Level  Hunger
a - Corona                Hex            ######.      1%          1    None
b - Confuse               Hex            ######..     1%          3    None
c - Tukima's Dance        Hex            ######..     1%          3    None
d - Ensorcelled Hibernat  Hex/Ice        #####.       1%          2    None
e - Dazzling Spray        Conj/Hex       #####...     1%          3    None
f - Leda's Liquefaction   Hex/Erth       #####.....   8%          4    ###....


Dungeon Overview and Level Annotations

Branches:
Dungeon (12/15)            Temple (1/1) D:7            Lair (0/8) D:9
    Orc: D:9-12

Altars:
Ashenzari
Cheibriados
Dithmenos
Elyvilon
Fedhas
Gozag
Kikubaaqudgha
Makhleb
Nemelex Xobeh
Okawaru
Qazlal
Ru
Sif Muna
Trog
Vehumet
Xom
Yredelemnul
Zin
The Shining One

Shops:
D:4 ?(   D:7 [:[

Portals:
Trove: D:10 (give +2 gold dragon armour)

Annotations:
D:12 Nessos


Innate Abilities, Weirdness & Mutations

You can bottle blood from corpses.
You have razor-sharp teeth.
You have supernaturally acute eyesight.
You can survive without breathing.


Message History

You feel much better.
You feel very sick.
Nessos shoots a poisoned arrow.
The poisoned arrow hits you!
* * * LOW HITPOINT WARNING * * *
The poisoned arrow burns you.
* * * LOW HITPOINT WARNING * * *
You are more poisoned.
* * * LOW HITPOINT WARNING * * *
You feel very sick.
Nessos stands on his hind legs for a moment.
Nessos shoots a poisoned arrow.
The poisoned arrow closely misses you.
Drink which item? (? for menu, Esc to quit)
You feel much better.
* * * LOW HITPOINT WARNING * * *
You feel very sick.
Nessos shoots a poisoned arrow.
The poisoned arrow hits you!
* * * LOW HITPOINT WARNING * * *
The poisoned arrow burns you.
You die...
Kikubaaqudgha rasps: "You have failed me!
Welcome... oblivion!"

........# #.....
........# #..())
........# #)....
####....# #.....
#....# #..... #..).#
#..... #
#....######.....
#.#####c..............
#....@(.......#######.
#..M(.........# #.
#........<....# ##.
#.............# #..
#.###########.# #. ..
#.# #. #.# #####. #.#
#.....
#######.###.....


You could see Nessos and a mummy.

Vanquished Creatures
  A naga warrior (D:9)
  3 hill giants
  A cyclops (D:9)
  A basilisk (D:9)
  A wyvern (D:8)
  15 yaks
  A steam dragon (D:9)
  A deep elf mage (D:10)
  A shadow (D:12)
  Eustachio (D:5)
  Grum (D:11)
  The ghost of Fluffy the Slasher, an average DsGl (D:3)
  A hippogriff (D:10)
  2 wolves (D:11)
  A water moccasin (D:8)
  6 orc warriors
  A phantom (D:12)
  3 porcupines
  Purgy (D:3)
  A black bear (D:9)
  A necrophage (D:9)
  3 big kobolds
  3 centaurs
  3 ice beasts
  2 crocodiles (D:9)
  A gnoll sergeant (D:7)
  10 giant frogs
  2 wyvern skeletons
  2 jellies
  23 killer bees
  3 wights (D:11)
  2 goliath beetles
  7 crimson imps
  A giant frog zombie (D:8)
  A centaur zombie (D:10)
  3 centaur skeletons
  4 hounds
  4 giant frog skeletons
  6 orc priests
  2 iguanas
  10 orc wizards
  6 worker ants
  A hound skeleton (D:6)
  9 adders
  5 gnolls (D:7)
  5 shadow imps
  3 river rats (D:9)
  2 giant mites
  A worm (D:3)
  An adder zombie (D:5)
  An adder skeleton (D:9)
  6 giant geckos
  55 orcs
  3 ball pythons
  12 bats
  9 giant cockroaches
  21 hobgoblins
  10 jackals
  5 quokkas
  A giant gecko zombie (D:8)
  5 giant newts
  A giant spore (D:10)
  7 goblins
  13 kobolds
  A quokka skeleton (D:9)
  17 rats
337 creatures vanquished.

Vanquished Creatures (collateral kills)
  2 orc warriors
  2 orc wizards (D:7)
  A shadow imp (D:8)
  An orc (D:8)
6 creatures vanquished.

Vanquished Creatures (others)
  2 dancing weapons
  An orc priest (D:10)
  A bush (D:9)
  3 plants (D:9)
7 creatures vanquished.

Grand Total: 350 creatures vanquished

Notes
Turn   | Place    | Note
--------------------------------------------------------------
     0 | D:1      | maniek23, the Vampire Enchanter, began the quest for the Orb.
     0 | D:1      | Reached XP level 1. HP: 13/13 MP: 3/3
   237 | D:1      | Reached XP level 2. HP: 17/19 MP: 4/4
   739 | D:2      | Reached skill level 5 in Stealth
  1072 | D:2      | Reached XP level 3. HP: 24/24 MP: 6/6
  1176 | D:2      | Learned a level 3 spell: Confuse
  1224 | D:2      | Reached skill level 5 in Hexes
  1446 | D:3      | HP: 1/24 [orc/whip (9)]
  1450 | D:3      | Reached XP level 4. HP: 1/31 MP: 2/7
  1718 | D:3      | Noticed Fluffy's ghost (average DsGl)
  1734 | D:3      | Killed Fluffy's ghost
  1734 | D:3      | Reached skill level 6 in Stealth
  1734 | D:3      | Reached XP level 5. HP: 33/36 MP: 5/9
  1882 | D:3      | Noticed a giant frog
  1888 | D:3      | Killed a giant frog
  1888 | D:3      | Reached skill level 1 in Fighting
  1888 | D:3      | Reached XP level 6. HP: 18/43 MP: 7/11
  1904 | D:3      | Noticed Purgy
  2164 | D:3      | Killed Purgy
  2236 | D:3      | Reached skill level 5 in Dodging
  2337 | D:3      | Learned a level 3 spell: Tukima's Dance
  2519 | D:3      | Found a glowing golden altar of the Shining One.
  2831 | D:4      | Reached XP level 7. HP: 43/48 MP: 12/14
  2868 | D:4      | Found a stormy altar of Qazlal.
  2975 | D:4      | Found Ybiboib's Magic Scroll Boutique.
  2984 | D:4      | Bought a scroll of noise for 12 gold pieces
  2984 | D:4      | Bought a scroll of fog for 24 gold pieces
  2984 | D:4      | Bought a scroll of identify for 24 gold pieces
  2984 | D:4      | Bought a scroll of amnesia for 42 gold pieces
  2984 | D:4      | Bought a scroll of amnesia for 42 gold pieces
  2984 | D:4      | Bought a scroll of random uselessness for 12 gold pieces
  3051 | D:4      | Found Naulu's Weapon Shoppe.
  3235 | D:5      | Entered Level 5 of the Dungeon
  3722 | D:5      | Noticed Eustachio
  3760 | D:5      | Killed Eustachio
  3760 | D:5      | Reached skill level 7 in Stealth
  3844 | D:5      | Learned a level 2 spell: Ensorcelled Hibernation
  4003 | D:5      | Found a glowing drain.
  4488 | D:6      | Reached XP level 8. HP: 57/57 MP: 14/17
  4575 | D:6      | Reached skill level 8 in Stealth
  5353 | D:7      | Found Gadewnonk's Book Emporium.
  5580 | D:7      | Reached skill level 9 in Stealth
  5625 | D:7      | Got a translucent cloak
  5631 | D:7      | Identified the cursed -5 cloak "Klefon" {Str+3 Int+3} (You found it on level 7 of the Dungeon)
  5656 | D:7      | Found Skoox's Armour Emporium.
  5685 | D:7      | Found a radiant altar of Vehumet.
  5707 | D:7      | Found a staircase to the Ecumenical Temple.
  5728 | Temple   | Entered the Ecumenical Temple
  6098 | D:7      | Found Oclur's Antique Armour Shop.
  6311 | D:7      | Reached XP level 9. HP: 52/62 MP: 15/20
  6498 | D:7      | Reached skill level 10 in Stealth
  6806 | D:8      | Reached skill level 5 in Spellcasting
  7299 | D:8      | Found a shimmering altar of Xom.
  7299 | D:8      | Found a radiant altar of Vehumet.
  7304 | D:8      | Found an ancient bone altar of Kikubaaqudgha.
  7309 | D:8      | Became a worshipper of Kikubaaqudgha
  7310 | D:8      | Found a glowing golden altar of the Shining One.
  7316 | D:8      | Found a sparkling altar of Nemelex Xobeh.
  7320 | D:8      | Found an iron altar of Okawaru.
  7756 | D:9      | Reached skill level 11 in Stealth
  7768 | D:9      | Reached skill level 1 in Ice Magic
  7797 | D:9      | Noticed a naga warrior
  7814 | D:9      | Found a large runed door.
  7815 | D:9      | Found a large runed door.
  7870 | D:9      | Found a staircase to the Lair.
  7932 | D:9      | Reached XP level 10. HP: 28/70 MP: 17/23
  8041 | D:9      | Acquired Kikubaaqudgha's first power
  8041 | D:9      | Received a gift from Kikubaaqudgha
  8041 | D:9      | Reached skill level 5 in Short Blades
  8042 | D:9      | Identified Kikubaaqudgha's Catalogue of Necromancy (Kikubaaqudgha gifted it to you on level 9 of the Dungeon)
  8047 | D:9      | Learned a level 3 spell: Dazzling Spray
  8105 | D:9      | Reached skill level 1 in Necromancy
  8339 | D:9      | Reached skill level 12 in Stealth
  8496 | D:9      | Reached skill level 10 in Hexes
  8750 | D:9      | You fall through a shaft for 2 floors!
  8855 | D:11     | Acquired Kikubaaqudgha's second power
  8905 | D:11     | Noticed a hill giant
  8910 | D:11     | Reached skill level 13 in Stealth
  8914 | D:11     | Killed a hill giant
  9019 | D:10     | Entered Level 10 of the Dungeon
  9126 | D:10     | Reached XP level 11. HP: 75/75 MP: 10/25
  9561 | D:9      | Noticed a cyclops
  9562 | D:9      | Found an iron altar of Okawaru.
  9563 | D:9      | Found an iron altar of Okawaru.
  9579 | D:9      | Killed a cyclops
  9585 | D:9      | Killed a naga warrior
  9628 | D:9      | Got a slimy long sword
  9629 | D:9      | Identified the +7 long sword "Resups" {vamp, +Inv rC+ rN+ Stlth-} (You found it on level 9 of the Dungeon)
  9697 | D:10     | Identified 2 scrolls of acquirement
  9729 | D:10     | Reached skill level 14 in Stealth
 10215 | D:10     | Found a portal to a secret trove of treasure.
 10607 | D:11     | Received a gift from Kikubaaqudgha
 10608 | D:11     | Identified Kikubaaqudgha's Tome of Darkness (Kikubaaqudgha gifted it to you on level 11 of the Dungeon)
 10614 | D:11     | Learned a level 4 spell: Leda's Liquefaction
 10863 | D:11     | Noticed Grum
 10888 | D:11     | Killed Grum
 10905 | D:12     | Noticed a hill giant
 10911 | D:12     | Killed a hill giant
 10959 | D:12     | Noticed a hill giant
 10969 | D:12     | Killed a hill giant
 11024 | D:12     | Noticed Nessos
 11261 | D:12     | HP: 2/76 [poisoned by Nessos]
 11262 | D:12     | Shot with a poisoned arrow by Nessos

Action                   |  1- 3 |  4- 6 |  7- 9 | 10-12 || total
-------------------------+-------+-------+-------+-------++-------
Melee: Dagger            |   123 |   151 |   420 |   212 ||   906
       Long sword        |       |       |       |    62 ||    62
 Cast: Corona            |     2 |     3 |       |       ||     5
       Confuse           |     1 |    10 |    23 |    19 ||    53
       Tukima's Dance    |       |       |     9 |     1 ||    10
       Ensorcelled Hiber |       |       |    31 |    41 ||    72
       Dazzling Spray    |       |       |       |    15 ||    15
       Leda's Liquefacti |       |       |       |     1 ||     1
 Abil: End Transformatio |       |     1 |     4 |     3 ||     8
       Bat Form          |       |     1 |     4 |     3 ||     8
  Use: Potion            |       |     1 |     1 |     3 ||     5
       Scroll            |       |     3 |       |    15 ||    18
 Stab: Sleeping          |     5 |     5 |    44 |    57 ||   111
       Confused          |     1 |     6 |    13 |    12 ||    32
       Distracted        |       |       |     2 |     3 ||     5
       Invisible         |       |       |       |     3 ||     3
       Paralysed         |       |       |       |     1 ||     1
  Eat: Corpse            |     7 |     2 |     9 |     6 ||    24
